Map: Triton LE

Players

mazer - Winner!

  • Race: Protoss Protoss
  • League: Platinum
  • Spawn Location: 5:00

pHARM

  • Race: Zerg Zerg
  • League: Platinum
  • Spawn Location: 11:00

VOD

Have the link to the VOD?

Description

Time

  • Played on: Aug. 25, 2019, 3:31 p.m.
  • Length: 16:02
Show
View Real Time Build Order
Export as new Build Order

mazer Protoss - Winner!

Build Orders: Oracle Opening 

Get SALT Encoding   

  12  0:01  Probe  
  13  0:13  Probe  
  14  0:20  Pylon  
  14  0:25  Probe  
  15  0:35  Probe  
  16  0:43  Probe  
  16  0:44  Gateway  
  17  0:53  Probe  
  17  0:54  Assimilator  
  18  1:06  Probe  
  19  1:18  Probe  
  20  1:30  Probe  
  21  1:43  Cybernetics Core  
  21  1:47  Nexus  
  21  1:49  Pylon  
  21  1:52  Probe  
  22  1:58  Assimilator  
  22  1:59  Warp Gate  
  22  2:04  Probe  
  23  2:10  Stalker  
  23  2:16  Probe  
  26  2:28  Probe  
  27  2:41  Shield Battery, Probe  
  28  2:50  Robotics Facility  
  28  2:54  Stargate  
  28  2:57  Gateway, Probe  
  29  3:00  Probe  
  30  3:09  Probe  
  32  3:12  Probe  
  32  3:15  Pylon  
  32  3:20  Pylon  
  32  3:23  Probe  
  32  3:24  Probe  
  37  3:47  Oracle  
  37  3:50  Probe x2  
  37  3:54  Assimilator  
  39  3:59  Zealot  
  39  4:02  Probe x2  
  43  4:03  Sentry  
  44  4:14  Probe  
  45  4:19  Oracle  
  45  4:21  Stalker  
  45  4:23  Probe  
  48  4:28  Gateway  
  48  4:30  Gateway  
  51  4:32  Gateway  
  51  4:33  Probe  
  51  4:35  Probe  
  53  4:46  Probe  
  53  4:49  Pylon  
  53  4:51  Phoenix  
  54  4:56  Probe, Assimilator  
  54  4:58  Probe  
  58  5:08  Probe  
  58  5:10  Probe  
  60  5:16  Void Ray  
  60  5:18  Pylon, Zealot x2  
  60  5:20  Probe  
  69  5:33  Pylon  
  69  5:38  Pylon  
  66  5:59  Probe x2  
  66  6:03  Zealot  
  67  6:04  Stalker x2  
  67  6:05  Stalker x2  
  75  6:27  Nexus  
  75  6:28  Zealot x2, Forge, Pylon  
  75  6:29  Stalker  
  75  6:30  Stalker  
  75  6:31  Forge, Pylon  
  75  6:32  Sentry  
  85  6:33  Twilight Council  
  85  6:45  Protoss Ground Weapons Level 1  
  85  6:46  Protoss Ground Armor Level 1  
  85  6:53  Probe x2  
  87  6:55  Stalker x2  
  87  6:56  Stalker x3  
  97  7:07  Probe x2  
  99  7:13  Charge  
  97  7:29  Robotics Facility  
  97  7:35  Probe x2  
  97  7:41  Probe  
  97  7:43  Photon Cannon  
  98  7:46  Shield Battery  
  98  7:47  Probe  
  99  7:54  Pylon  
  99  7:55  Probe x2  
  99  7:58  Photon Cannon  
  101  7:59  Shield Battery, Probe  
  101  8:03  Assimilator  
  102  8:05  Assimilator  
  102  8:07  Probe x2  
  102  8:10  Adept x4  
  102  8:11  Probe  
  113  8:19  Probe x2  
  115  8:23  Probe  
  115  8:26  Observer  
  117  8:31  Probe  
  117  8:34  Zealot x5  
  122  8:41  Void Ray  
  132  8:51  Templar Archives  
  132  8:55  Fleet Beacon  
  132  8:57  Dark Shrine  
  132  9:00  Gateway  
  132  9:02  Gateway  
  132  9:03  Probe  
  132  9:04  Gateway  
  132  9:05  Pylon  
  132  9:09  Psionic Storm  
  133  9:12  Photon Cannon  
  133  9:13  Shield Battery  
  133  9:16  Protoss Ground Weapons Level 2  
  133  9:17  Protoss Ground Armor Level 2  
  133  9:21  Pylon, Blink  
  133  9:23  Pylon, Probe x3  
  136  9:32  Robotics Bay  
  134  9:58  Robotics Facility  
  134  10:01  Pylon  
  134  10:06  Gateway  
  134  10:12  High Templar x5  
  144  10:14  Dark Templar  
  146  10:29  Immortal  
  150  10:52  Nexus  
  150  10:55  Pylon x2, Extended Thermal Lance  
  150  10:57  Pylon  
  150  11:00  Immortal  
  154  11:08  Immortal  
  158  11:13  Stalker x2  
  158  11:14  Stalker x3  
  158  11:15  Stalker x2  
  158  11:16  Stalker x2  
  158  11:17  Probe x2  
  158  11:18  Probe  
  179  11:28  Photon Cannon  
  179  11:29  Probe  
  179  11:30  Shield Battery, Probe x2  
  182  11:33  Photon Cannon  
  182  11:34  Shield Battery  
  182  11:41  Shield Battery  
  182  11:42  Photon Cannon  
  182  11:48  Photon Cannon  
  182  11:50  Shield Battery  
  182  11:53  Pylon  
  182  11:54  Immortal  
  186  12:04  Immortal  
  190  12:13  Protoss Ground Weapons Level 3  
  190  12:14  Protoss Ground Armor Level 3  
  190  12:32  Gravitic Boosters  
  175  12:46  Stalker x5  
  175  12:47  Stalker x3  
  177  13:05  Immortal x2  
  185  13:11  Nexus  
  183  13:30  Stalker x3  
  183  13:31  Stalker x4  
  197  13:43  Warp Prism  
  180  14:14  Stalker x2  
  180  14:15  Stalker x5  
  180  14:16  Stalker x2  
  180  14:38  Observer  
  181  14:39  Immortal  
Show
View Real Time Build Order
Export as new Build Order

pHARM Zerg 

Build Orders: Pool First 

Get SALT Encoding   

  12  0:01  Drone  
  13  0:13  Overlord  
  13  0:17  Drone  
  14  0:31  Drone x2  
  16  0:36  Drone  
  17  1:02  Spawning Pool  
  16  1:20  Hatchery  
  16  1:24  Drone x3  
  18  1:41  Drone  
  19  1:51  Drone  
  19  1:53  Queen  
  22  1:58  Extractor  
  21  2:04  Overlord  
  21  2:10  Drone  
  22  2:29  Drone  
  24  2:30  Drone  
  24  2:32  Queen  
  24  2:33  Queen  
  28  2:39  Overlord  
  28  2:40  Drone  
  29  2:51  Drone x2  
  31  3:09  Drone x3  
  31  3:11  Queen  
  36  3:22  Overlord  
  36  3:23  Drone  
  36  3:24  Drone x3  
  40  3:27  Metabolic Boost  
  40  3:29  Zergling x2  
  41  3:47  Drone, Extractor x2  
  41  3:48  Drone x7  
  47  4:00  Lair  
  47  4:14  Drone x2  
  47  4:15  Drone x2  
  47  4:16  Drone  
  52  4:23  Evolution Chamber  
  51  4:25  Evolution Chamber  
  51  4:28  Roach Warren  
  49  4:44  Overlord x3  
  49  4:49  Zerg Missile Weapons Level 1  
  49  4:53  Zerg Ground Armor Level 1, Hatchery  
  49  4:58  Overlord  
  48  5:00  Drone x2  
  50  5:13  Roach x10  
  70  5:21  Glial Reconstitution  
  70  5:30  Spore Crawler  
  70  5:31  Drone  
  66  5:50  Queen  
  66  5:51  Queen  
  64  6:12  Roach  
  64  6:13  Roach x8  
  64  6:15  Overlord x2  
  82  6:31  Overlord x2  
  82  6:33  Queen x3  
  88  6:41  Extractor  
  88  6:43  Hydralisk Den, Drone x3  
  88  6:44  Drone  
  88  6:45  Roach  
  88  6:46  Roach  
  94  6:54  Overlord  
  94  6:55  Overlord x2  
  94  6:58  Spore Crawler  
  94  6:59  Drone  
  93  7:08  Zerg Missile Weapons Level 2  
  91  7:20  Roach x6  
  103  7:38  Roach x6  
  115  7:55  Roach x5  
  115  7:56  Roach  
  127  8:08  Hydralisk  
  127  8:10  Overlord x3  
  129  8:35  Hydralisk x6  
  141  8:53  Pneumatized Carapace  
  141  8:58  Grooved Spines  
  141  9:06  Overlord x5  
  141  9:11  Zerg Ground Armor Level 2  
  141  9:30  Drone x9  
  151  9:31  Drone  
  147  10:02  Infestation Pit  
  147  10:06  Drone  
  147  10:07  Drone x13, Extractor  
  152  10:08  Extractor  
  152  10:09  Muscular Augments  
  158  10:40  Hive  
  158  10:42  Spire  
  157  10:45  Zerg Melee Weapons Level 1  
  157  10:46  Overlord x2, Hatchery  
  157  10:47  Overlord  
  156  10:59  Hydralisk x8  
  156  11:00  Hydralisk  
  174  11:37  Roach x4  
  174  11:38  Roach x9  
  198  12:42  Corruptor  
  198  12:43  Corruptor x8  
  176  12:58  Corruptor x5  
  176  12:59  Corruptor x7  
  200  13:11  Overseer x4  
  200  13:19  Greater Spire  
  156  13:56  Roach x6  
  156  13:57  Roach x13  
  162  14:17  Roach  
  162  14:18  Roach x7  
  142  14:27  Roach  
  142  14:28  Roach  
  127  14:36  Brood Lord x2  
  93  15:09  Brood Lord  
  89  15:15  Zergling x24  
  61  15:29  Brood Lord  
  61  15:30  Brood Lord  
Tags
 
Add a new tag
Caveats
  • Supply blocks, unpowered buildings, or Contaminate may cause inaccurate times.
  • Supply counts are checked every 10 seconds.